 Dungeon Crawl Stone Soup version 0.21.1-1-g345015f (webtiles) character file.

5125 letownia2 the Impaler (level 10, -2/82 HPs)
             Began as a Merfolk Berserker on Feb 13, 2018.
             Was an Elder of Trog.
             Slain by a basilisk (5 damage)
             ... on level 10 of the Dungeon.
             The game lasted 00:17:35 (3121 turns).

letownia2 the Impaler (Merfolk Berserker)           Turns: 3121, Time: 00:17:36

Health: -2/82      AC:  6    Str: 20    XL:     10   Next: 58%
Magic:  10/10      EV:  2    Int:  6    God:    Trog [****..]
Gold:   198        SH:  0    Dex: 15    Spells: 9/9 levels left

rFire    . . .     SeeInvis .   a - +0 spear
rCold    . . .     Gourm    .   (no shield)
rNeg     + + +     Faith    .   l - +0 ring mail
rPois    ∞         Spirit   .   (no helmet)
rElec    .         Reflect  .   y - +0 cloak (curse)
rCorr    .         Harm     .   (no gloves)
MR       .....                  (no boots)
Stlth    +.........             (no amulet)
HPRegen  0.23/turn              (no ring)
MPRegen  0.12/turn              (no ring)

@: petrified, berserk cooldown, slowed, drained
A: change form in water, swift swim, stealthy swim
a: Berserk, Trog's Hand, Brothers in Arms, Burn Spellbooks, Renounce Religion


You were on level 10 of the Dungeon.
You worshipped Trog.
Trog was greatly pleased with you.
You were not hungry.

You visited 1 branch of the dungeon, and saw 10 of its levels.

You collected 237 gold pieces.
You spent 39 gold pieces at shops.

Inventory:

Hand Weapons
 a - a +0 spear (weapon)
 o - a +0 trident
 q - a +0 flail of protection
 w - the +8 hand crossbow "Dragon's Tongue" {velocity, rPois Str+5}
   (You found it on level 7 of the Dungeon)

   Any bolt fired from it inflicts extra damage.
   It affects your strength (+5).
   It protects you from poison.
 A - a +0 halberd
 F - a +3 halberd
Missiles
 B - 18 bolts
Armour
 h - a +0 leather armour
 l - a +0 ring mail (worn)
 n - a +2 robe of cold resistance
 u - a +0 chain mail
 y - a cursed +0 cloak (worn)
Jewellery
 b - an uncursed ring of fire
Wands
 g - a wand of disintegration (7)
 p - a wand of iceblast (23)
Scrolls
 d - a scroll of fog {unknown}
 f - a scroll of magic mapping {unknown}
 i - 2 scrolls of remove curse {unknown}
 j - 6 scrolls of identify {unknown}
 x - a scroll of immolation {unknown}
 C - a scroll of fear {unknown}
Potions
 e - 2 potions of curing
 k - a potion of might {unknown}
 m - 2 potions of magic {unknown}
 r - a potion of invisibility {unknown}
 s - 2 potions of haste {unknown}
 t - 2 potions of flight {unknown}
 D - a potion of lignification
Books
 v - a book of Changes

   Spells                             Type                      Level
   a - Beastly Appendage              Transmutation                1
   b - Sticks to Snakes               Transmutation                2
   c - Spider Form                    Transmutation/Poison         3
   d - Ice Form                       Ice/Transmutation            4
   e - Blade Hands                    Transmutation                5
   Trog disapproves of the use of such an item.
 E - a book of Minor Magic

   Spells                             Type                      Level
   a - Magic Dart                     Conjuration                  1
   b - Blink                          Translocation                2
   c - Call Imp                       Summoning                    2
   d - Slow                           Hexes                        2
   e - Conjure Flame                  Conjuration/Fire             3
   f - Mephitic Cloud                 Conjuration/Poison/Air       3
   Trog disapproves of the use of such an item.
Comestibles
 c - 9 rations
 z - 2 chunks of flesh


   Skills:
 - Level 8.5(8.2) Fighting
 + Level 16.4(16.0) Polearms
 - Level 2.3(2.1) Armour
 - Level 8.0(7.8) Dodging


You had 9 spell levels left.
You didn't know any spells.

Dungeon Overview and Level Annotations

Branches:
Dungeon (10/15)            Temple (0/1) D:4
   Lair: D:8-11         Orc: D:9-12

Altars:
Ashenzari
Dithmenos
Elyvilon
Hepliaklqana
Kikubaaqudgha
Nemelex Xobeh
Trog
Wu Jian
Zin
The Shining One

Shops:
D:9 !


Message History

You are slowing down.
The basilisk barely misses you.
Unknown command.
Unknown command.
Evoke which item? (* to show all) (? for menu, Esc to quit)
Aiming: Disintegrate
Press: ? - help, Shift-Dir - straight line, f/p - basilisk
Aim: a basilisk (severely wounded, chance to defeat MR: 65%)
The basilisk struggles to resist.
The basilisk bites you!
* * * LOW HITPOINT WARNING * * *
The basilisk bites you.
You have turned to stone.
The basilisk bites you but does no damage.
The basilisk bites you.
* * * LOW HITPOINT WARNING * * *
The basilisk gazes at you. You resist with some effort. The basilisk bites you!
* * * LOW HITPOINT WARNING * * *
The basilisk bites you!
You die...

#[..# .....
...####)).## .....
.......<...###...###
........÷...........
....................
...##..............
.. #..........### .
#........l.#
..........@.#
...................
...................
.....#########.....
#... ...## .. ..# .#
.#


You could see a basilisk.

Vanquished Creatures
  A two-headed ogre (D:9)
  The ghost of zhorgal the Ruffian, a novice TrAM of Okawaru (D:8)
  Maurice (D:8)
  Grinder (D:6)
  2 hippogriffs (D:8)
  A yak (D:9)
  A hungry ghost (D:8)
  A water moccasin (D:5)
  3 orc warriors
  An ice beast (D:9)
  A phantom (D:8)
  A black bear (D:9)
  A necrophage (D:9)
  3 ogres
  2 centaurs
  Blork the orc (D:4)
  4 bullfrogs
  6 scorpions
  A wyvern skeleton (D:8)
  6 wights
  A crimson imp (D:8)
  A centaur zombie (D:9)
  2 quasits (D:9)
  4 hounds
  A jelly (D:8)
  6 orc priests
  2 orc wizards
  An iguana (D:6)
  3 worker ants
  3 adders
  A shadow imp (D:7)
  A worm (D:3)
  3 dart slugs
  4 leopard geckos
  19 orcs
  A ball python (D:3)
  2 giant cockroaches
  A goblin (D:3)
  8 hobgoblins
  3 jackals (D:6)
  5 kobolds
  3 quokkas
  2 bats (D:2)
  3 frilled lizards
  A leopard gecko zombie (D:6)
  4 rats
124 creatures vanquished.

Notes
Turn   | Place    | Note
-------+----------+-------------------------------------------
     0 | D:1      | letownia2 the Merfolk Berserker began the quest for the Orb.
     0 | D:1      | Reached XP level 1. HP: 18/18 MP: 1/1
    55 | D:2      | Found a hazy altar of Hepliaklqana.
    88 | D:2      | Reached skill level 5 in Polearms
   123 | D:2      | Reached XP level 2. HP: 16/24 MP: 2/2
   286 | D:3      | Reached XP level 3. HP: 29/29 MP: 3/3
   358 | D:3      | Reached ** piety under Trog
   387 | D:3      | Reached skill level 6 in Polearms
   387 | D:3      | Reached XP level 4. HP: 35/35 MP: 4/4
   522 | D:3      | Found an ornate altar of the Wu Jian Council.
   562 | D:4      | Reached XP level 5. HP: 31/41 MP: 5/5
   565 | D:4      | Found a staircase to the Ecumenical Temple.
   566 | D:4      | Noticed Blork the orc
   572 | D:4      | Killed Blork the orc
   572 | D:4      | Reached skill level 7 in Polearms
   649 | D:5      | Entered Level 5 of the Dungeon
   649 | D:5      | Noticed a water moccasin
   660 | D:5      | Killed a water moccasin
   660 | D:5      | Reached skill level 5 in Dodging
   660 | D:5      | Reached XP level 6. HP: 47/47 MP: 6/6
   770 | D:5      | Reached skill level 8 in Polearms
   930 | D:6      | Reached XP level 7. HP: 30/52 MP: 7/7
   949 | D:6      | Found a sparkling altar of Nemelex Xobeh.
  1033 | D:6      | Reached skill level 9 in Polearms
  1043 | D:6      | Reached *** piety under Trog
  1060 | D:6      | Noticed Grinder
  1080 | D:6      | HP: 1/52 [Grinder (6)]
  1093 | D:6      | Paralysed by Grinder for 4 turns
  1097 | D:6      | Killed Grinder
  1111 | D:6      | Got a jewelled hunting sling
  1112 | D:6      | Identified the +4 hunting sling of Risk Management {speed, Int+2} (You found it on level 6 of the Dungeon)
  1215 | D:6      | Reached XP level 8. HP: 27/58 MP: 8/8
  1228 | D:6      | Reached skill level 10 in Polearms
  1449 | D:7      | Got an ichor-stained hand crossbow
  1476 | D:7      | Identified the +8 hand crossbow "Dragon's Tongue" {velocity, rPois Str+5} (You found it on level 7 of the Dungeon)
  1531 | D:7      | Reached skill level 11 in Polearms
  1567 | D:8      | Noticed zhorgal's ghost (novice TrAM)
  1601 | D:8      | Reached skill level 5 in Fighting
  1607 | D:8      | HP: 4/93 [zhorgal's ghost (22)]
  1622 | D:8      | HP: 2/62 [zhorgal's ghost (2)]
  1628 | D:8      | Killed zhorgal's ghost
  1628 | D:8      | Reached skill level 12 in Polearms
  1628 | D:8      | Reached XP level 9. HP: 3/71 MP: 9/9
  1926 | D:8      | Reached skill level 13 in Polearms
  1961 | D:8      | Found a shadowy altar of Dithmenos.
  1972 | D:8      | Noticed Maurice
  1998 | D:8      | Killed Maurice
  2032 | D:8      | Found a glowing silver altar of Zin.
  2033 | D:8      | Noticed an angel
  2314 | D:9      | Found an ancient bone altar of Kikubaaqudgha.
  2354 | D:9      | Reached skill level 14 in Polearms
  2398 | D:9      | Reached XP level 10. HP: 68/82 MP: 10/10
  2477 | D:9      | Found a white marble altar of Elyvilon.
  2652 | D:9      | Found Laeghij's Distillery.
  2656 | D:9      | Found a bloodstained altar of Trog.
  2682 | D:9      | Reached skill level 15 in Polearms
  2684 | D:9      | Bought a potion of lignification for 39 gold pieces
  2713 | D:9      | Found a shattered altar of Ashenzari.
  2754 | D:9      | Noticed a two-headed ogre
  2770 | D:9      | Killed a two-headed ogre
  2803 | D:9      | Reached **** piety under Trog
  2837 | D:9      | Reached skill level 16 in Polearms
  2843 | D:9      | Found a glowing golden altar of the Shining One.
  3060 | D:10     | Entered Level 10 of the Dungeon
  3120 | D:10     | HP: 3/82 [basilisk (4)]
  3121 | D:10     | Slain by a basilisk

Skill      XL: |  1  2  3  4  5  6  7  8  9 10 |
---------------+-------------------------------+-----
Polearms       | 5 6 7 8 9 12 14 16 | 16.4
Dodging        | 3 4 5 7 8 |  8.0
Armour         | 2 |  2.3
Fighting       | 6 8 |  8.5

Action                   |  1- 3 |  4- 6 |  7- 9 | 10-12 || total
-------------------------+-------+-------+-------+-------++-------
Melee: Spear             |   104 |   118 |   275 |   217 ||   714
       Tailslap          |       |       |       |     4 ||     4
Invok: Berserk           |     2 |     3 |     7 |     3 ||    15
       Burn Spellbooks   |       |       |     2 |       ||     2
       Trog's Hand       |       |       |     1 |       ||     1
Evoke: Wand              |       |     1 |     5 |     5 ||    11
  Use: Potion            |       |       |     1 |       ||     1
  Eat: Chunk             |       |     4 |     9 |     6 ||    19
       Ration            |       |       |     1 |       ||     1
Armor: Animal skin       |     5 |       |       |       ||     5
       Leather armour    |     6 |       |       |       ||     6
       Ring mail         |       |     7 |    28 |    21 ||    56
Dodge: Dodged            |    45 |    33 |    91 |    87 ||   256
